 Dungeon Crawl Stone Soup version 0.31-a0-848-gaac375c287 (webtiles) character file.

Game seed: 17999442277032331031

19267 olourkin the Destroyer (level 12, -15/97 (105) HPs)
             Began as a White Draconian Hedge Wizard on Oct 3, 2022.
             Was a High Priest of Kikubaaqudgha.
             Killed from afar by an orc sorcerer (32 damage)
             ... with a bolt of negative energy
             ... on level 2 of the Orcish Mines on Oct 4, 2023.
             The game lasted 02:34:14 (20062 turns).

olourkin the Destroyer (DrHW)                      Turns: 20062, Time: 02:34:15

HP:   -15/97 (105)  AC: 12    Str: 16    XL:     12   Next: 35%
MP:   5/18          EV: 12    Int: 26    God:    Kikubaaqudgha [*****.]
Gold: 1437          SH:  0    Dex: 16    Spells: 2/19 levels left

rFire   . . .        a - +5 lajatang "Miroticw" {elec, Str+3 Int+3}
rCold   + + .        (shield currently unavailable)
rNeg    . . .        (body armour unavailable)
rPois   .            A - +1 hat
rElec   .            W - +0 cloak
rCorr   .            D - +1 pair of gloves
SInv    .            (no boots)
Will    +....        (no amulet)
Stlth   +++          m - +6 ring of dexterity
HPRegen 0.36/turn    w - ring of Zoudgh {rC+ Will+ Int+3 Slay+4}
MPRegen 0.16/turn

%: no passive effects
@: animating dead, very slightly contaminated, drained, invisible
A: breathe frost, AC +8, unfitting armour, cold resistance 1, cold-blooded
a: Breathe Frost, Renounce Religion, Unearth Wretches, Torment


You were on level 2 of the Orcish Mines.
You worshipped Kikubaaqudgha.
Kikubaaqudgha was extremely pleased with you.
You visited 4 branches of the dungeon, and saw 16 of its levels.
You also visited: Ossuary and Bailey.

You collected 1437 gold pieces.

Inventory:

Hand Weapons
 a - the +5 lajatang "Miroticw" (weapon) {elec, Str+3 Int+3}
   (You found it in a bailey)

   Str+3:     It affects your strength (+3).
   Int+3:     It affects your intelligence (+3).
 b - a +3 trident of pain
 p - a +1 hammer of protection
 u - a +2 dagger of electrocution
 y - a +1 short sword of draining
 C - a +2 sling of flaming
 F - a +0 spear of venom
 R - the +5 sling "Desyqime" {drain, *Corrode Str+3 Dex+3 Stlth+}
   (You found it in a bailey)

   Str+3:     It affects your strength (+3).
   Dex+3:     It affects your dexterity (+3).
   *Corrode:  It may corrode you when you take damage.
   Stlth+:    It makes you more stealthy.
 S - the +1 glaive of Xiont {antimagic, rF+ Dex+3 Stlth+}
   (You found it in a bailey)

   Dex+3:     It affects your dexterity (+3).
   rF+:       It protects you from fire.
   Stlth+:    It makes you more stealthy.
 T - the +5 executioner's axe of Eternal Vigilance {freeze, *Rage rCorr Dex-5 SInv}
   (You found it in a bailey)

   Dex-5:     It affects your dexterity (-5).
   SInv:      It lets you see invisible.
   *Rage:     It berserks you when you make melee attacks (+20% chance).
   rCorr:     It protects you from acid and corrosion.
Missiles
 d - 95 stones
 k - 17 boomerangs
 G - 14 poisoned darts
 L - 5 darts of dispersal
Armour
 A - a +1 hat (worn)
 D - a +1 pair of gloves (worn)
 W - a +0 cloak (worn)
Magical Staves
 E - a staff of conjuration
Jewellery
 h - a ring of magical power
 m - a +6 ring of dexterity (left hand)
 w - the ring of Zoudgh (right hand) {rC+ Will+ Int+3 Slay+4}
   (You found it on level 11 of the Dungeon)

   [ring of slaying]

   Int+3:     It affects your intelligence (+3).
   Slay+4:    It affects your accuracy & damage with ranged weapons and melee
   (+4).
   rC+:       It protects you from cold.
   Will+:     It increases your willpower.
 x - a ring of fire
 B - a ring of see invisible
 M - a +6 ring of strength
 X - a ring of protection from cold
Talismans
 H - a flux talisman
 K - a maw talisman
Wands
 l - a wand of iceblast (2)
 N - a wand of charming (15)
 U - a wand of digging (6)
Scrolls
 e - a scroll of identify
 f - a scroll of revelation
 g - a scroll of immolation {!r}
 q - 2 scrolls of fear
 r - a scroll of fog
 s - a scroll of poison {!r}
 Q - a scroll of enchant armour
Potions
 c - a potion of magic
 i - 4 potions of curing
 j - a potion of invisibility
 n - a potion of ambrosia {unknown}
 o - 3 potions of brilliance
 t - 5 potions of lignification {!q}
 v - a potion of mutation {!q}
 z - a potion of berserk rage
 I - a potion of might {unknown}
 O - a potion of cancellation {unknown}
 P - 4 potions of enlightenment


   Skills:
 - Level 9.4 Fighting
 + Level 5.0 Staves
 - Level 1.9 Dodging
 + Level 3.8 Stealth
 + Level 4.3 Spellcasting
 - Level 12.9 Conjurations
 - Level 1.2 Summonings
 - Level 11.1 Necromancy
 + Level 3.3 Translocations


You had 2 spell levels left.
You knew the following spells:

 Your Spells              Type           Power      Damage    Failure   Level
a - Magic Dart            Conj           100%       1d8       1%          1
b - Blink                 Tloc           46%        N/A       3%          2
c - Mephitic Cloud        Conj/Pois/Air  28%        N/A       4%          3
e - Apportation           Tloc           46%        N/A       1%          1
n - Sublimation of Blood  Necr           59%        N/A       1%          2
u - Necrotise             Necr           100%       1d9       1%          1
x - Slow                  Hex            20%        N/A       9%          1
y - Call Imp              Summ           24%        N/A       8%          2
X - Animate Dead          Necr           59%        N/A       1%          4

Your spell library contained the following spells:

 Spells                   Type           Power      Damage    Failure   Level
 Cigotuvi's Dreadful Rot  Necr/Pois/Air  48%        N/A       2%          2
 Summon Small Mammal      Summ           48%        N/A       4%          1
 Sting                    Tmut/Pois      20%        1d4       9%          1
 Poisonous Vapours        Pois/Air       10%        N/A       13%         2
 Vampiric Draining        Necr           59%        2d10      1%          3
 Agony                    Necr           59%        N/A       2%          5
 Death Channel            Necr           29%        N/A       13%         6
 Borgnjor's Vile Clutch   Necr/Erth      17%        N/A       24%         5
 Olgreb's Toxic Radiance  Pois           5%         N/A       63%         4
 Bombard                  Conj/Erth      19%        9d4       65%         6
 Simulacrum               Ice/Necr       17%        N/A       78%         6
 Animate Armour           Summ/Erth      Unusable   N/A       N/A         4

Dungeon Overview and Level Annotations

Branches:
Dungeon (12/15)            Temple (1/1) D:4            Lair (1/5) D:11
    Orc (2/2) D:11            Elf (0/3) Orc:2       Ossuary (visited)
 Bailey (visited)

Altars:
Ashenzari
Cheibriados
Dithmenos
Elyvilon
Fedhas
Gozag
Hepliaklqana
Kikubaaqudgha
Makhleb
Nemelex Xobeh
Okawaru
Qazlal
Ru
Sif Muna
Trog
Uskayaw
Vehumet
Wu Jian
Xom
Yredelemnul
Zin
The Shining One

Shops:
D:3 [

Annotations:
D:1 1 runed translucent door
D:2 1 runed translucent door, Crazy Yiuf
Orc:2 1 transporter, scionoferis's ghost, journeyman HOMo


Innate Abilities, Weirdness & Mutations

You can breathe waves of freezing cold which knock back foes.
Your icy white scales are hard. (AC +8)
You cannot fit into any form of body armour.
Your flesh is cold resistant. (rC+)
You are cold-blooded and may be slowed by cold attacks.


Message History

Casting: Mephitic Cloud (mildly dangerous; 4% risk of failure)
Confirm with . or Enter, or press ? or * to list all spells.
Aiming: Mephitic Cloud (mildly dangerous; 4% risk of failure)
Press: ? - help, Shift-Dir - straight line, f/p - orc wizard
Aim: an orc wizard, wielding a +0 dagger and wearing a +0 robe (chance to affect: 86%)
You miscast Mephitic Cloud.
Nothing appears to happen.
The orc wizard gestures at you while chanting.
The orc sorcerer casts a spell at you. The bolt of negative energy hits you!
You feel drained.
* * * LOW HITPOINT WARNING * * *
The orc high priest mumbles some strange prayers to Beogh against you.
Beogh smites you!
* * * LOW HITPOINT WARNING * * *
Something hits you but does no damage.
You feel much better.
The orc sorcerer hits you but does no damage.
Something hits you but does no damage.
You fade into invisibility!
The orc sorcerer closely misses you. The smoke demon barely misses you.
The smoke demon hits you.
* * * LOW HITPOINT WARNING * * *
The smoke demon closely misses you.
Something hits the orc wizard.
The orc wizard shouts!
The orc priest begins to cast a cantrip, but forgets the words!
The orc sorcerer casts a spell.
Something closely misses the neqoxec.
The sixfirhy closely misses you. The orc sorcerer casts a spell at you.
You resist with almost no effort. The sixfirhy misses you.
The smoke demon gestures at you. Something smites you!
* * * LOW HITPOINT WARNING * * *
The sixfirhy barely misses you. The sixfirhy completely misses you.
The orc sorcerer casts a spell at you.
The bolt of negative energy hits the sixfirhy.
The sixfirhy completely resists.
The bolt of negative energy hits you!!
You feel drained.
You die...
Kikubaaqudgha rasps: "You have failed me!
Welcome... death!"

#....#[.......).........
##..#........)..........#
#......#####...<........#
#....### ###..........# #...##
##.........### .)..#
#............ #))## ##..........
##[# #........# #[# #@.......##
.# #.# #.o. #3......#.## .#
##.#####.8.# #..........##.####
.#Z# ..#o..#. #o.........##.....
..Z# .'..)' #.......#.........
.#.# #...# #33......#........
##.# ##..o## #oo..#.....>......
##.## #8..†8# ##o..#.............
#...###...).###...#..............


You could see an orc high priest (unable to see you), a sixfirhy (summoned,
wandering, unable to see you), a smoke demon (summoned, unable to see you), a
neqoxec (summoned, unable to see you), an orc sorcerer, an orc priest (unable to
see you) and an orc wizard (wandering, unable to see you).

Vanquished Creatures
  Josephine (D:10)
  A two-headed ogre (Bailey)
  An orc knight (D:11)
  An orc sorcerer (Orc:2)
  2 cyclopes (D:11)
  2 elephants (D:11)
  Maurice (D:10)
  A cane toad (Lair:1)
  An unseen horror (D:11)
  6 trolls
  A hornet (D:8)
  5 blink frogs
  Prince Ribbit (D:8)
  Grinder (D:5)
  3 spriggans (Bailey)
  A vampire (D:11)
  4 wraiths
  19 yaks
  A shadow (D:9)
  A basilisk (Lair:1)
  2 wyverns
  2 steam dragons
  A warg (Orc:2)
  2 water moccasins
  2 acid dragons
  17 orc warriors
  A black bear (D:6)
  6 ogres
  4 centaurs
  A kobold brigand (D:8)
  Blork the orc (D:4)
  4 bullfrogs
  2 elf zombies (Ossuary)
  A gnoll sergeant (D:8)
  2 scorpions
  8 wights
  5 killer bees
  3 howler monkeys
  A crimson imp (D:3)
  A centaur zombie (Ossuary)
  3 hounds
  A human zombie (Ossuary)
  A jelly (D:6)
  13 orc priests
  Jessica (D:3)
  Natasha (D:2)
  6 iguanas
  19 orc wizards
  2 mummies (Ossuary)
  6 gnolls
  6 adders
  3 shadow imps
  2 white imps
  An adder zombie (Ossuary)
  A worm (D:4)
  2 dart slugs (D:1)
  64 orcs
  6 ball pythons
  5 endoplasms
  6 goblins
  7 hobgoblins
  2 jackals (D:3)
  11 kobolds
  2 quokkas (D:1)
  4 bats
  4 frilled lizards (D:1)
  14 hobgoblin zombies (Ossuary)
  2 jackal zombies (Ossuary)
  9 kobold zombies (Ossuary)
  6 orc zombies (Ossuary)
  6 rats
  A rat zombie (Ossuary)
337 creatures vanquished.

Vanquished Creatures (collateral kills)
  2 spriggans (Bailey)
  A vampire mosquito (D:10)
  3 orc warriors
  2 black bears (D:4)
  An ogre (Bailey)
  A bullfrog (D:7)
  A killer bee (D:9)
  A howler monkey (D:11)
  3 crimson imps (D:3)
  2 orc wizards
  Natasha (D:2)
  2 adders
  4 gnolls
  5 orcs
  A goblin (D:2)
  A hobgoblin (D:4)
  A ball python (D:4)
  A kobold (D:8)
33 creatures vanquished.

Vanquished Creatures (others)
  A warg zombie (Orc:2)
  21 orc zombies
22 creatures vanquished.

Grand Total: 392 creatures vanquished

Notes
Turn   | Place    | Note
-------+----------+-------------------------------------------
     0 | D:1      | olourkin the Draconian Hedge Wizard began the quest for the
                  | Orb.
     0 | D:1      | Reached XP level 1. HP: 14/14 MP: 4/4
     1 | D:1      | Found a runed translucent door.
   212 | D:1      | Reached XP level 2. HP: 19/20 MP: 0/6
   215 | D:1      | Learned a level 2 spell: Blink
   283 | D:1      | Learned a level 1 spell: Slow
   286 | D:1      | You fall into a shaft and drop 1 floor!
   852 | D:1      | Reached skill level 2 in Conjurations
   949 | D:2      | Reached skill level 1 in Fighting
  1084 | D:2      | Reached XP level 3. HP: 28/28 MP: 4/7
  1087 | D:2      | Learned a level 2 spell: Call Imp
  1557 | D:2      | Noticed Natasha
  1559 | D:2      | Killed Natasha
  1560 | D:2      | Noticed Natasha
  1573 | D:2      | Killed Natasha
  1574 | D:2      | Reached skill level 3 in Conjurations
  1574 | D:2      | Reached XP level 4. HP: 7/36 MP: 1/8
  2122 | D:2      | Found a runed translucent door.
  2123 | D:2      | Noticed Crazy Yiuf
  2176 | D:2      | Learned a level 3 spell: Mephitic Cloud
  2177 | D:3      | Found a sacrificial altar of Ru.
  2315 | D:3      | Found a shimmering altar of Xom.
  2345 | D:3      | Reached XP level 5. HP: 41/42 MP: 4/9
  2347 | D:3      | Reached skill level 4 in Conjurations
  2507 | D:3      | Noticed Jessica
  2520 | D:3      | Killed Jessica
  2775 | D:3      | Found Ewnanaeja's Armour Emporium.
  2815 | D:3      | Reached XP level 6. HP: 50/51 MP: 4/10
  3217 | D:4      | Noticed Blork the orc
  3489 | D:4      | Noticed a wyvern
  3521 | D:4      | Killed a wyvern
  3522 | D:4      | Reached skill level 5 in Conjurations
  3608 | D:4      | Upgraded the game from 0.30-a0-187-gd9c2deaf24 to
                  | 0.30-a0-210-g01b79a254e
  3858 | D:4      | Reached skill level 6 in Conjurations
  3858 | D:4      | Your scales start taking on an icy white colour.
  3858 | D:4      | Reached XP level 7. HP: 57/60 MP: 4/11
  3858 | D:4      | Gained mutation: Your flesh is cold resistant. (rC+) [White
                  | Draconian growth]
  3988 | D:4      | Upgraded the game from 0.30-a0-210-g01b79a254e to
                  | 0.31-a0-845-g9abc20d24f
  4285 | D:4      | Found a staircase to the Ecumenical Temple.
  4706 | Temple   | Entered the Ecumenical Temple
  4717 | Temple   | Became a worshipper of Kikubaaqudgha
  5061 | D:4      | Killed Blork the orc
  5062 | D:4      | Reached skill level 1 in Necromancy
  5330 | D:4      | Learned a level 1 spell: Necrotise
  5511 | D:5      | Entered Level 5 of the Dungeon
  5656 | D:5      | Reached skill level 7 in Conjurations
  6183 | D:5      | Noticed Grinder
  6209 | D:5      | Paralysed by Grinder for 4 turns
  6216 | D:5      | Paralysed by Grinder for 5 turns
  6232 | D:5      | Killed Grinder
  6233 | D:5      | Reached XP level 8. HP: 44/67 MP: 0/12
  7013 | D:6      | Reached skill level 8 in Conjurations
  7125 | D:6      | Identified the +4 scale mail of Abstinence {Str-3 Int+5}
  7802 | D:7      | Reached skill level 5 in Necromancy
  7993 | D:7      | Found a sand-covered staircase.
  8008 | Ossuary  | Entered an ossuary
  8184 | Ossuary  | Reached * piety under Kikubaaqudgha
  8184 | Ossuary  | Received a gift from Kikubaaqudgha
  8457 | Ossuary  | Reached XP level 9. HP: 73/73 MP: 13/13
  8483 | Ossuary  | Reached ** piety under Kikubaaqudgha
  8484 | Ossuary  | Reached skill level 9 in Conjurations
  8928 | D:7      | Learned a level 2 spell: Sublimation of Blood
  9305 | D:8      | Found an ornate altar of the Wu Jian Council.
  9306 | D:8      | Found an opulent altar of Gozag.
  9446 | D:8      | Found a hide-covered altar of Uskayaw.
  9448 | D:8      | Found a blossoming altar of Fedhas.
  9449 | D:8      | Found a burning altar of Makhleb.
  9843 | D:7      | Learned a level 1 spell: Apportation
  9952 | D:8      | Found a broken altar of Ashenzari.
  9954 | D:8      | Noticed Prince Ribbit
  9961 | D:8      | Killed Prince Ribbit
  9962 | D:8      | Reached skill level 10 in Conjurations
 10171 | D:8      | Reached skill level 5 in Fighting
 10460 | D:9      | Noticed a troll
 10797 | D:9      | Reached XP level 10. HP: 47/83 MP: 10/14
 11251 | D:9      | Reached *** piety under Kikubaaqudgha
 11251 | D:9      | Received a gift from Kikubaaqudgha
 12272 | D:9      | Reached skill level 11 in Conjurations
 12647 | D:10     | Entered Level 10 of the Dungeon
 13060 | D:10     | Found a flagged portal.
 13067 | Bailey   | Entered a bailey
 13471 | Bailey   | Noticed a two-headed ogre
 13482 | Bailey   | Killed a two-headed ogre
 13653 | Bailey   | Identified the +5 lajatang "Miroticw" {elec, Str+3 Int+3}
 13655 | Bailey   | Identified the +1 glaive of Xiont {antimagic, rF+ Dex+3
                  | Stlth+}
 13661 | Bailey   | Identified the +5 executioner's axe of Eternal Vigilance
                  | {freeze, *Rage rCorr Dex-5 SInv}
 13664 | Bailey   | Identified the +5 sling "Desyqime" {drain, *Corrode Str+3
                  | Dex+3 Stlth+}
 13722 | D:10     | Reached XP level 11. HP: 94/94 MP: 15/15
 14409 | D:10     | Noticed Maurice
 14436 | D:10     | Maurice stole the +5 executioner's axe of Eternal Vigilance
                  | {freeze, *Rage rCorr Dex-5 SInv}
 14440 | D:10     | Maurice stole a +6 ring of dexterity
 14442 | D:10     | Maurice stole a maw talisman
 14453 | D:10     | Killed Maurice
 15036 | D:10     | Reached skill level 12 in Conjurations
 15040 | D:10     | Reached skill level 10 in Necromancy
 15169 | D:10     | Noticed Josephine
 15203 | D:10     | Reached **** piety under Kikubaaqudgha
 15262 | D:10     | Killed Josephine
 15490 | D:10     | Upgraded the game from 0.31-a0-845-g9abc20d24f to
                  | 0.31-a0-848-gaac375c287
 15546 | D:10     | HP: 1/97 [vampire mosquito (7)]
 15909 | D:11     | Identified the ring of Zoudgh {rC+ Will+ Int+3 Slay+4}
 16084 | D:11     | Found a staircase to the Orcish Mines.
 16290 | D:11     | Reached skill level 1 in Staves
 16601 | D:11     | Found a staircase to the Lair.
 16608 | Lair:1   | Entered Level 1 of the Lair of Beasts
 16691 | Lair:1   | HP: 4/97 [blink frog (9)]
 17536 | Orc:1    | Entered Level 1 of the Orcish Mines
 17537 | Orc:1    | Noticed an orc knight
 17674 | D:11     | Reached XP level 12. HP: 83/105 MP: 9/16
 17790 | D:11     | Learned a level 4 spell: Animate Dead
 18616 | Orc:2    | Entered Level 2 of the Orcish Mines
 18670 | Orc:2    | Found a staircase to the Elven Halls.
 19645 | Orc:2    | Reached ***** piety under Kikubaaqudgha
 19950 | Orc:2    | Identified the ring "Geil" {Int+2 SInv}
 19982 | Orc:2    | Noticed an ettin
 19983 | Orc:2    | Noticed scionoferis's ghost (journeyman HOMo)
 19984 | Orc:2    | Found a transporter.
 20033 | Orc:2    | Noticed an orc high priest
 20036 | Orc:2    | Reached skill level 5 in Staves
 20051 | Orc:2    | HP: 4/102 [orc high priest/divine providence (10)]
 20062 | Orc:2    | Killed from afar by an orc sorcerer

Illustrated notes

Levels and vault maps discovered:
D:1:      dpeg_arrival_caged_fury, layout_rooms
D:2:      layout_loops_cross, uniq_natasha, uniq_crazy_yiuf_cottage
D:3:      layout_basic, led_xom_imps, amcnicky_altar_gilded, serial_shops, shop,
          uniq_jessica
D:4:      layout_basic, minmay_temple_entry_junction, minmay_diced_spiral,
          uniq_blork_the_orc
D:5:      layout_cave_pools, uniq_grinder
D:6:      layout_loops_ring, minmay_strange_pillars, minmay_misc_feat_tiny
D:7:      layout_cave_pools, nicolae_ossuary_entry_false_entrances
D:8:      layout_loops_cross, ashenzari_conservatory_becter,
          grunt_temple_overflow_open, uniq_prince_ribbit1
D:9:      layout_roguey
D:10:     layout_basic, enter_bailey_3, uniq_josephine, uniq_maurice
D:11:     layout_cave_pools, lair_entry_dummy, david_orc_2, serial_column_ruins,
          column_ruins_corridor_straight, column_ruins_open_tiny,
          column_ruins_grid_1, column_ruins_columns_T,
          column_ruins_corridor_straight
D:12:     layout_roguey [special_room_bee], hangedman_ru_absence
Temple:   eino_temple_water
Lair:1:   layout_regular_city, grunt_megastairs_2, infiniplex_staircase_pool
Orc:1:    layout_caves, mines2_david
Orc:2:    grunt_orc_community_town_hall, layout_caves,
          grunt_orc_community_big_house_2, grunt_orc_community_big_house_2,
          grunt_orc_community_house_1, grunt_orc_community_house_3,
          grunt_orc_community_house_1, grunt_orc_community_house_1,
          grunt_orc_community_house_2, serial_shops,
          nicolae_shop_just_a_little_nook, gammafunk_ghost_wrathful_warriors

Skill      XL: |  1  2  3  4  5  6  7  8  9 10 11 12 |
---------------+-------------------------------------+-----
Conjurations   | 2 3 4 6 7 8 10 11 12 | 12.9
Fighting       | 1 2 3 4 5 8 9 |  9.4
Necromancy     | 3 5 8 9 11 | 11.1
Staves         | 3 5 |  5.0
Stealth        | 2 3 |  3.8
Translocations | 3 |  3.3
Spellcasting   | 4 |  4.3
Dodging        | |  1.9
Summonings     | |  1.2

Action                     |  1- 3 |  4- 6 |  7- 9 | 10-12 || total
---------------------------+-------+-------+-------+-------++-------
  Melee: Dagger            |    30 |       |       |       ||    30
         Tailslap          |     4 |     4 |    41 |    55 ||   104
         Punch             |     2 |     1 |     5 |     1 ||     9
         Mace              |       |     8 |   159 |       ||   167
         Short sword       |       |    19 |    95 |       ||   114
         Trident           |       |       |    43 |    85 ||   128
         Lajatang          |       |       |       |   276 ||   276
   Cast: Magic Dart        |    79 |    52 |   192 |   126 ||   449
         Call Imp          |     3 |    14 |     3 |     3 ||    23
         Blink             |     1 |     2 |     6 |    11 ||    20
         Mephitic Cloud    |       |     1 |    29 |    53 ||    83
         Necrotise         |       |       |    78 |   138 ||   216
         Slow              |       |       |     2 |       ||     2
         Animate Dead      |       |       |       |     8 ||     8
Ability: Breathe Frost     |       |       |     1 |     8 ||     9
  Evoke: Wand              |     2 |     1 |       |     4 ||     7
    Use: Scroll            |       |       |    11 |     9 ||    20
         Potion            |       |       |     1 |    14 ||    15
   Stab: Sleeping          |       |     1 |     5 |     1 ||     7
         Confused          |       |       |    16 |    18 ||    34
         Invisible         |       |       |       |     2 ||     2
 Armour: Skin              |    14 |    11 |   208 |   433 ||   666
  Dodge: Dodged            |    28 |    23 |   181 |   311 ||   543

Table legend: (Time is in decaauts)
 A = Elapsed time spent in this place.
 B = Non-inter-level travel time spent in this place.
 C = Inter-level travel time spent in this place.
 D = Time resting spent in this place.
 E = Time spent auto-exploring this place.
 F = Levels seen in this place.
 G = Mean time per level.
                   A        B        C        D        E       F      G
               +--------+--------+--------+--------+--------+-----+--------+
         Total |  20285 |  19310 |    975 |   8190 |   4885 |  18 | 1126.9 |
       Dungeon |  16540 |  15637 |    903 |   6342 |   4533 |  12 | 1378.3 |
        Temple |     24 |     13 |     11 |      0 |      0 |   1 |   24.0 |
          Lair |    149 |    149 |      0 |     51 |      0 |   1 |  149.0 |
  Orcish Mines |   2282 |   2221 |     61 |   1266 |    295 |   2 | 1141.0 |
       Ossuary |    625 |    625 |      0 |    157 |     25 |   1 |  625.0 |
        Bailey |    663 |    663 |      0 |    374 |     31 |   1 |  663.0 |
               +--------+--------+--------+--------+--------+-----+--------+

Top non-repeatable levels by time:
    D:10: 2485 daAuts
     D:9: 2334 daAuts
     D:4: 2093 daAuts
     D:8: 1612 daAuts
   Orc:1: 1599 daAuts
    D:11: 1563 daAuts
     D:3: 1316 daAuts
     D:5: 1218 daAuts
     D:2: 1216 daAuts
     D:1: 989 daAuts
     D:6: 942 daAuts
     D:7: 765 daAuts
   Orc:2: 683 daAuts
  Bailey: 663 daAuts
 Ossuary: 625 daAuts
